 Dungeon Crawl Stone Soup version 0.28.0-1-gb440e238dd (webtiles) character file.

Game seed: 12581031590502008908

90 fknight the Chopper (level 4, 0/40 HPs)
             Began as a Hill Orc Monk on Feb 23, 2022.
             Killed from afar by Grinder (7 damage)
             ... with a puff of flame
             ... while paralysed by Grinder
             ... on level 3 of the Dungeon.
             The game lasted 00:07:16 (2795 turns).

fknight the Chopper (Hill Orc Monk)                 Turns: 2795, Time: 00:07:17

Health: 0/40       AC:  3    Str: 15    XL:     4   Next: 56%
Magic:  0/5        EV:  2    Int: 10    God:
Gold:   17         SH:  0    Dex: 13    Spells: 3/3 levels left

rFire   . . .      SeeInvis .   e - +1 dagger (venom)
rCold   . . .      Faith    .   (no shield)
rNeg    . . .      Spirit   +   j - +0 leather armour
rPois   .          Reflect  .   (no helmet)
rElec   .          Harm     .   k - scarf {+Inv}
rCorr   .          Rampage  .   (no gloves)
Will    .....                   (no boots)
Stlth   ++........              f - amulet of guardian spirit
HPRegen 0.13/turn               (no ring)
MPRegen 0.09/turn               (no ring)

@: paralysed
A: no striking features
a: Evoke Invisibility


You were on level 3 of the Dungeon.
You visited 1 branch of the dungeon, and saw 3 of its levels.

You collected 55 gold pieces.
You spent 38 gold pieces at shops.

Inventory:

Hand Weapons
 a - a +0 hand axe
 e - a +1 dagger of venom (weapon)
 i - a +0 short sword
Missiles
 c - 31 bolts
 g - 40 sling bullets
 h - 21 stones (quivered)
Armour
 j - a +0 leather armour (worn)
 k - a scarf of invisibility (worn)
Jewellery
 f - an amulet of guardian spirit (around neck)
Scrolls
 d - a scroll of blinking {unknown}
 l - a scroll of magic mapping
Potions
 b - a potion of haste {unknown}


   Skills:
 + Level 4.2 Fighting
 + Level 4.7 Axes
 + Level 2.9 Dodging
 + Level 2.2 Stealth
 + Level 2.1 Invocations


You had 3 spell levels left.
You didn't know any spells.
Your spell library contained the following spells:

 Spells                   Type           Power      Damage    Failure   Level
 Beastly Appendage        Tmut           0%         N/A       43%         1
 Ensorcelled Hibernation  Hex/Ice        0%         N/A       56%         2
 Passwall                 Tmut/Erth      0%         N/A       56%         2
 Wereblood                Tmut           0%         N/A       56%         2
 Spider Form              Tmut/Pois      0%         N/A       80%         3
 Swiftness                Air            0%         N/A       80%         3


Dungeon Overview and Level Annotations

Branches:
Dungeon (3/15)

Altars:
Yredelemnul

Shops:
D:2 *

Annotations:
D:3 2 transporters, Grinder, Ijyb, Menkaure


Message History

Grinder shouts!
Ijyb screams, "No!
No, no, no, no!"
Ijyb screams, "Level is mine!
All mine!"
Ijyb screams, "Die!"
A dart slug comes into view.
You throw a stone.
The stone completely misses the dart slug.
You throw a stone.
The stone hits Grinder but does no damage.
You throw a stone.
The stone hits Grinder but does no damage.
Grinder zaps a wand.
The puff of flame hits you.
You throw a stone.
The stone hits Grinder but does no damage.
You throw a stone.
The stone hits Grinder but does no damage.
The dart slug launches a dart at you. The slug dart misses you.
Grinder gestures at you.
You barely resist. You hit Grinder but do no damage. Grinder hits you.
You writhe in agony.
You hit Grinder but do no damage. Your punch misses Grinder. Grinder hits you.
You writhe in agony.
You closely miss Grinder. Grinder barely misses you.
You hit Grinder but do no damage. Grinder gestures at you.
You suddenly lose the ability to move!
Grinder gestures at you.
You barely resist. The dart slug launches a dart at you.
The slug dart hits you.
Grinder zaps a wand.
The puff of flame hits you!
* * * LOW HITPOINT WARNING * * *
The dart slug launches a dart at you. The slug dart hits you.
* * * LOW HITPOINT WARNING * * *
Grinder gestures at you. You resist with significant effort.
Grinder zaps a wand.
The puff of flame hits you!
You die...

#.# ..# #.# #.# #.#
#######.####
#.w@5((((..#
#.###..<...####.###
#.#...............#
#w#.#############.#
#.#.#MgZ........#..
#.#.#=..........#5#
#(#.#$.###.###..#.#
#.#.#_.# #.# ..#.#
...#!.. ... .#..


You could see Grinder and a dart slug.

Vanquished Creatures
  A hound (D:2)
  3 adders (D:2)
  A worm (D:2)
  5 ball pythons
  4 endoplasms
  2 goblins (D:1)
  4 hobgoblins
  A quokka (D:2)
  2 bats
  4 frilled lizards
  2 kobolds
  4 rats
33 creatures vanquished.

Notes
Turn   | Place    | Note
-------+----------+-------------------------------------------
     0 | D:1      | fknight the Hill Orc Monk began the quest for the Orb.
     0 | D:1      | Reached XP level 1. HP: 19/19 MP: 1/1
   195 | D:1      | Reached XP level 2. HP: 26/27 MP: 2/2
   286 | D:1      | Reached skill level 1 in Invocations
  1123 | D:2      | Reached XP level 3. HP: 26/33 MP: 3/3
  1586 | D:2      | Reached XP level 4. HP: 30/40 MP: 5/5
  2226 | D:2      | Found Kilecel's General Store.
  2233 | D:2      | Bought a scroll of magic mapping for 38 gold pieces
  2765 | D:3      | Noticed Ijyb
  2765 | D:3      | Found a transporter.
  2765 | D:3      | Found a basalt altar of Yredelemnul.
  2766 | D:3      | Noticed Menkaure
  2769 | D:3      | Found a transporter.
  2769 | D:3      | Noticed Grinder
  2791 | D:3      | Paralysed by Grinder for 7 turns
  2795 | D:3      | Killed from afar by Grinder

Illustrated notes

Levels and vault maps discovered:
D:1:      co_arrival_square_in_a_square_in_a_square, layout_loops_cross
D:2:      layout_basic, serial_shops, shop, minivault_4, minmay_quantized
D:3:      layout_basic, gammafunk_temple_of_torment, pf_just_have_faith,
          hellmonk_ecumenical_altar_pennies_from_heaven, uniq_grinder,
          uniq_sigmund, uniq_robin, uniq_ijyb

Skill      XL: |  1  2  3 |
---------------+----------+-----
Invocations    | 1 2 |  2.1
Fighting       | 4 |  4.2
Stealth        | 2 |  2.2
Axes           | |  4.7
Dodging        | |  2.9

Action                   |  1- 3 |  4- 6 || total
-------------------------+-------+-------++-------
Melee: Hand axe          |    30 |       ||    30
       Punch             |     2 |       ||     2
       Dagger            |    51 |    15 ||    66
Throw: Stone             |    28 |    10 ||    38
  Use: Scroll            |     1 |       ||     1
 Stab: Sleeping          |     1 |       ||     1
Armor: Robe              |     6 |       ||     6
       Leather armour    |     1 |     4 ||     5
Dodge: Dodged            |    47 |     7 ||    54
